 Dungeon Crawl Stone Soup version 0.29.1-15-g9cfb28693d (webtiles) character file.

Game seed: 12886959298649123354

12483 Revguard the Covert (level 11, -1/83 HPs)
             Began as a Demonspawn Brigand on Mar 13, 2023.
             Was a Priest of Dithmenos.
             Slain by a two-headed ogre
             ... wielding a +0 giant spiked club
              (9 damage)
             ... on level 11 of the Dungeon.
             The game lasted 00:53:10 (13875 turns).

Revguard the Covert (Demonspawn Brigand)           Turns: 13875, Time: 00:53:11

Health: -1/83      AC: 12    Str: 14    XL:     11   Next: 63%
Magic:  19/19      EV: 15    Int: 21    God:    Dithmenos [***...]
Gold:   574        SH:  4    Dex: 18    Spells: 17/20 levels left

rFire   . . .      SeeInvis .   q - +2 short sword (speed)
rCold   . . .      Faith    .   (no shield)
rNeg    . . .      Spirit   .   D - +2 robe of Hadjma {rElec Regen+ Str+2}
rPois   .          Reflect  .   (no helmet)
rElec   +          Harm     .   b - scarf {repulsion}
rCorr   .          Rampage  .   l - +0 pair of gloves
Will    .....                   (no boots)
Stlth   ++++++....              s - amulet of magic regeneration
HPRegen 1.03/turn               B - +6 ring of intelligence
MPRegen 0.72/turn               (no ring)

@: wreathed by umbra, repel missiles
A: hooves 1, icemail 2, magic regeneration, big brain 1, condensation shield,
deformed body
a: Renounce Religion, Shadow Step


You were on level 11 of the Dungeon.
You worshipped Dithmenos.
Dithmenos was most pleased with you.
You visited 2 branches of the dungeon, and saw 12 of its levels.
You also visited: Ossuary.

You collected 574 gold pieces.

Inventory:

Hand Weapons
 a - a +3 dagger
 q - a +2 short sword of speed (weapon)
 v - a +1 rapier of draining
 J - a +0 dagger of venom
Missiles
 d - 22 poisoned darts (quivered)
 m - a silver javelin
 H - a curare-tipped dart
 I - a throwing net
Armour
 b - a scarf of repulsion (worn)
 c - a +0 cloak
 l - a +0 pair of gloves (worn)
 y - a +1 leather armour of poison resistance
 C - +0 steam dragon scales
 D - the +2 robe of Hadjma (worn) {rElec Regen+ Str+2}
   (You found it on level 9 of the Dungeon)

   Str:       It affects your strength (+2).
   rElec:     It insulates you from electricity.
   Regen:     It increases your rate of health regeneration.
Jewellery
 i - a ring of fire
 n - a ring of magical power
 s - an amulet of magic regeneration (around neck)
 u - an amulet of regeneration
 B - a +6 ring of intelligence (left hand)
 E - a ring of resist corrosion
Wands
 h - a wand of polymorph (6)
 o - a wand of flame (39)
Scrolls
 f - 3 scrolls of enchant armour
 g - 3 scrolls of poison
 j - 4 scrolls of identify
 r - 12 scrolls of noise
 t - 3 scrolls of butterflies
 w - 4 scrolls of immolation
 L - a scroll of magic mapping
Potions
 e - a potion of resistance
 k - a potion of cancellation
 p - 4 potions of attraction
 x - a potion of curing
 z - a potion of lignification
 A - 3 potions of flight
 F - 2 potions of invisibility
 N - a potion of magic {unknown}


   Skills:
 + Level 6.6 Fighting
 + Level 6.0 Short Blades
 - Level 2.4 Throwing
 + Level 5.5 Armour
 + Level 5.6 Dodging
 + Level 8.7 Stealth
 + Level 5.3 Spellcasting
 + Level 5.8 Hexes
 - Level 0.1 Poison Magic
 + Level 8.1 Invocations
 + Level 4.1 Evocations


You had 17 spell levels left.
You knew the following spells:

 Your Spells              Type           Power      Damage    Failure   Level
a - Sting                 Tmut/Pois      20%        1d4       11%         1
b - Poisonous Vapours     Pois/Air       10%        N/A       16%         2

Your spell library contained the following spells:

 Spells                   Type           Power      Damage    Failure   Level
 Summon Guardian Golem    Hex/Summ       17%        N/A       10%         3
 Summon Small Mammal      Summ           20%        N/A       11%         1
 Call Canine Familiar     Summ           5%         N/A       30%         3
 Summon Mana Viper        Hex/Summ       17%        N/A       65%         5
 Olgreb's Toxic Radiance  Pois           6%         N/A       69%         4
 Summon Ice Beast         Ice/Summ       5%         N/A       71%         4
 Monstrous Menagerie      Summ           2%         N/A       100%        7


Dungeon Overview and Level Annotations

Branches:
Dungeon (11/15)            Temple (1/1) D:5            Lair (0/5) D:9
    Orc (0/2) D:11        Ossuary (visited)

Altars:
Ashenzari
Cheibriados
Dithmenos
Fedhas
Gozag
Hepliaklqana
Kikubaaqudgha
Makhleb
Nemelex Xobeh
Okawaru
Qazlal
Ru
Sif Muna
Trog
Uskayaw
Vehumet
Wu Jian
Xom
Yredelemnul


Innate Abilities, Weirdness & Mutations

You have large cloven feet.
A meltable icy envelope protects you from harm. (AC +8)
You regenerate magic rapidly.
You have an unusually large brain. (Int +2)
A meltable shield of frost defends you. (SH +4)
Armour fits poorly on your strangely shaped body.


Message History

Poisonous vapours surround the two-headed ogre!
The two-headed ogre looks even sicker.
You hit the two-headed ogre but do no damage.
The two-headed ogre looks as sick as possible!
Your kick misses the two-headed ogre.
The two-headed ogre is lightly wounded.
You block the two-headed ogre's attack. The two-headed ogre closely misses you.
You see here a book of the Spheres.
The two-headed ogre hits you with a +0 giant spiked club!!
The two-headed ogre hits you but does no damage.
You hit the two-headed ogre but do no damage.
The two-headed ogre looks as sick as possible!
You kick the two-headed ogre, but do no damage.
You punch the two-headed ogre, but do no damage.
The two-headed ogre is moderately wounded.
The two-headed ogre attacks as you move away!
The two-headed ogre hits you with a +0 giant spiked club!
The two-headed ogre barely misses you.
Found a potion of lignification.
The two-headed ogre attacks as you move away!
The two-headed ogre hits you with a +0 giant spiked club!
The two-headed ogre closely misses you.
Your +0 dagger of venom stops dripping with poison.
Your hands tingle!
q - a +2 short sword of speed (weapon)
The two-headed ogre attacks as you move away!
The two-headed ogre misses you. The two-headed ogre closely misses you.
Aiming: Throw Flame
Press: ? - help, Shift-Dir - straight line, f/p - two-headed ogre
Aim: a two-headed ogre, wielding two +0 giant spiked clubs (moderately wounded, very poisoned, umbra, 86% to hit)
The puff of flame hits the two-headed ogre!
The two-headed ogre is heavily wounded.
The two-headed ogre attacks as you move away!
The two-headed ogre misses you.
The two-headed ogre hits you with a +0 giant spiked club!
The two-headed ogre attacks as you move away!
The two-headed ogre hits you with a +0 giant spiked club!!
* * * LOW HITPOINT WARNING * * *
The two-headed ogre hits you with a +0 giant spiked club!
You die...

#.#...##...............
#......................
#......................
#.#..##...........>....
#.#..##....)...........
..#....................
##.#..............###...
#.....O##..............
###...@##.............
#.........##........
#.........##....##..
#.^.............##..
#...................
############..######
#.## #.# #.#


You could see a two-headed ogre (very poisoned).

Vanquished Creatures
  Gastronok (D:11)
  The ghost of Peruvius the Frost Mage, a journeyman OgWn of Sif Muna (D:10)
  A boulder beetle (D:11)
  2 two-headed ogres
  2 unseen horrors
  A kobold demonologist (D:11)
  A troll (D:7)
  A hornet (D:9)
  Sigmund (D:2)
  A wraith (D:10)
  A wyvern (D:9)
  A shadow (D:11)
  11 yaks
  3 vampire mosquitoes (D:10)
  3 steam dragons
  A warg (D:11)
  2 water moccasins
  2 acid dragons
  3 orc warriors
  A black bear (D:4)
  An ice beast (D:5)
  2 sky beasts (D:7)
  An ogre (D:6)
  A centaur (D:8)
  2 kobold brigands
  3 phantoms
  2 gnoll sergeants
  7 scorpions
  4 bullfrogs
  2 necrophages
  8 wights
  10 killer bees
  3 centaur zombies (Ossuary)
  2 jellies
  3 hounds
  A human zombie (Ossuary)
  11 orc priests
  Jessica (D:3)
  5 iguanas
  10 orc wizards
  3 mummies (Ossuary)
  Robin (D:3)
  12 gnolls
  5 adders
  A white imp (D:6)
  2 worms
  A dart slug (D:1)
  55 orcs
  4 endoplasms
  2 giant cockroaches (D:3)
  A gnoll zombie (Ossuary)
  18 goblins
  8 hobgoblins
  2 jackals (D:4)
  A quokka (D:5)
  7 ball pythons
  9 bats
  6 frilled lizards
  2 hobgoblin zombies (Ossuary)
  10 kobolds
  A kobold zombie (Ossuary)
  6 rats
276 creatures vanquished.

Notes
Turn   | Place    | Note
-------+----------+-------------------------------------------
     0 | D:1      | Revguard the Demonspawn Brigand began the quest for the
                  | Orb.
     0 | D:1      | Reached XP level 1. HP: 16/16 MP: 1/1
   128 | D:1      | Reached skill level 1 in Dodging
   313 | D:1      | Found a faded altar of an unknown god.
   391 | D:1      | Gained mutation: A meltable shield of frost defends you.
                  | (SH +4) [demonic ancestry]
   391 | D:1      | Reached XP level 2. HP: 14/22 MP: 2/2
  1118 | D:2      | Noticed Sigmund
  1131 | D:2      | Killed Sigmund
  1132 | D:2      | Reached skill level 1 in Armour
  1132 | D:2      | Reached skill level 1 in Invocations
  1132 | D:2      | Reached skill level 1 in Evocations
  1132 | D:2      | Reached XP level 3. HP: 28/28 MP: 2/4
  1132 | D:2      | Gained mutation: A meltable icy envelope protects you from
                  | harm. (AC +8) [demonic ancestry]
  1132 | D:2      | Reached XP level 4. HP: 34/34 MP: 2/5
  1132 | D:2      | Gained mutation: You have an unusually large brain. (Int
                  | +2) [demonic ancestry]
  1132 | D:2      | Reached XP level 5. HP: 39/39 MP: 2/6
  2126 | D:3      | Learned a level 1 spell: Sting
  2490 | D:3      | Found a broken altar of Ashenzari.
  2506 | D:3      | Noticed Jessica
  2531 | D:3      | Killed Jessica
  2532 | D:3      | Reached XP level 6. HP: 37/46 MP: 7/7
  3047 | D:4      | Noticed Robin
  3107 | D:3      | Killed Robin
  3183 | D:4      | Reached skill level 1 in Spellcasting
  3600 | D:4      | Reached skill level 1 in Hexes
  3855 | D:4      | Identified a scroll of acquirement
  3855 | D:4      | Acquired a +1 rapier of draining
  3870 | D:5      | Entered Level 5 of the Dungeon
  3879 | D:5      | Gained mutation: You are weak. (Str -2) [potion of
                  | mutation]
  3880 | D:5      | Lost mutation: You are weak. (Str -2) [potion of mutation]
  3880 | D:5      | Gained mutation: You are agile. (Dex +4, Str/Int -1)
                  | [potion of mutation]
  3880 | D:5      | Gained mutation: You occasionally shout uncontrollably at
                  | your foes. [potion of mutation]
  3880 | D:5      | Gained mutation: You expend magic power (3 MP) to
                  | strengthen your wands. [potion of mutation]
  3881 | D:5      | Lost mutation: You expend magic power (3 MP) to strengthen
                  | your wands. [potion of mutation]
  3881 | D:5      | Lost mutation: You occasionally shout uncontrollably at
                  | your foes. [potion of mutation]
  3881 | D:5      | Lost mutation: You are agile. (Dex +4, Str/Int -1) [potion
                  | of mutation]
  3881 | D:5      | Gained mutation: You have a pair of small horns on your
                  | head. [potion of mutation]
  3907 | D:5      | Reached skill level 5 in Stealth
  3907 | D:5      | Reached XP level 7. HP: 41/52 MP: 9/9
  4092 | D:5      | Found a staircase to the Ecumenical Temple.
  4126 | Temple   | Entered the Ecumenical Temple
  4351 | Temple   | Became a worshipper of Dithmenos the Shadowed
  4695 | D:5      | Reached XP level 8. HP: 41/59 MP: 9/11
  5303 | D:6      | Reached * piety under Dithmenos
  5809 | D:6      | Killed an unseen horror
  6200 | D:6      | Gained mutation: You regenerate magic rapidly. [demonic
                  | ancestry]
  6200 | D:6      | Reached XP level 9. HP: 62/66 MP: 13/13
  6300 | D:6      | Reached skill level 5 in Invocations
  7134 | D:7      | Found a sand-covered staircase.
  7138 | Ossuary  | Entered an ossuary
  7464 | D:7      | Noticed a troll
  7488 | D:7      | Reached ** piety under Dithmenos
  7506 | D:7      | Killed a troll
  7507 | D:7      | Reached skill level 5 in Fighting
  8743 | D:8      | Gained mutation: A meltable icy envelope protects you from
                  | harm. (AC +8) [demonic ancestry]
  8743 | D:8      | Reached XP level 10. HP: 22/74 MP: 15/15
  9405 | D:8      | Noticed a two-headed ogre
  9482 | D:7      | Lost mutation: You have a pair of small horns on your head.
                  | [potion of mutation]
  9482 | D:7      | Gained mutation: Armour fits poorly on your strangely
                  | shaped body. [potion of mutation]
  9535 | D:7      | Killed a two-headed ogre
  9855 | D:8      | Reached skill level 5 in Short Blades
  9976 | D:8      | Found a hazy altar of Hepliaklqana.
 10257 | D:9      | Found a staircase to the Lair.
 10511 | D:9      | Identified the +2 robe of Hadjma {rElec Regen+ Str+2}
 11072 | D:9      | Found a sacrificial altar of Ru.
 11227 | D:10     | Entered Level 10 of the Dungeon
 11308 | D:9      | Reached skill level 5 in Hexes
 11448 | D:10     | Found a runed translucent door.
 11448 | D:10     | Noticed Peruvius's ghost (journeyman OgWn)
 11472 | D:10     | Reached skill level 5 in Dodging
 11561 | D:10     | Found a shimmering blue altar of Sif Muna.
 11840 | D:10     | Reached *** piety under Dithmenos
 11841 | D:10     | Gained mutation: You have large cloven feet. [demonic
                  | ancestry]
 11841 | D:10     | Reached XP level 11. HP: 68/81 MP: 18/18
 11859 | D:10     | Reached skill level 5 in Armour
 12481 | D:10     | Killed Peruvius's ghost
 12680 | D:11     | Identified the +5 morningstar of Exhibitionism {flame,
                  | *Noise Will+ Str+5}
 12688 | D:11     | Noticed Gastronok
 12722 | D:11     | Noticed a sixfirhy
 12728 | D:11     | Reached skill level 5 in Spellcasting
 12856 | D:11     | Learned a level 2 spell: Poisonous Vapours
 13077 | D:11     | HP: 2/82 [Gastronok (33)]
 13429 | D:11     | Noticed a boulder beetle
 13445 | D:11     | Killed a boulder beetle
 13482 | D:11     | Noticed a two-headed ogre
 13506 | D:11     | Killed a two-headed ogre
 13643 | D:11     | Found a staircase to the Orcish Mines.
 13720 | D:11     | Killed Gastronok
 13846 | D:11     | Noticed a two-headed ogre
 13875 | D:11     | Slain by a two-headed ogre

Illustrated notes

Levels and vault maps discovered:
D:1:      ncdulo_lavacross, layout_basic, hellmonk_ecumenical_altar_zigzags,
          serial_park_tiny_1
D:2:      layout_basic, uniq_sigmund
D:3:      layout_basic, nicolae_ashenzari_skybound, uniq_jessica
D:4:      layout_cave_pools, uniq_robin
D:5:      layout_basic, temple_pool_b
D:6:      layout_basic, skrybe_limestone_x
D:7:      layout_rooms, lightli_ossuary_entry_decrepit_ruins
D:8:      layout_cave_pools, elyvilon_altar_3, nicolae_hepliaklqana_hippocampus
D:9:      layout_cross, nicolae_ru_great_annihilating_truth, lair_entry_dummy,
          serial_glass, glass_columns_c, glass_columns_a
D:10:     layout_gridville, mainiacjoe_overflow_six_doors_small,
          tso_oasis_becter, hellmonk_ghost_happy_afterlife
D:11:     layout_loops_ring, erik_orc_4, zin_academy, uniq_gastronok
Temple:   eino_temple_rhombus

Skill      XL: |  1  2  3  4  5  6  7  8  9 10 11 |
---------------+----------------------------------+-----
Dodging        | 1 2 3 4 5 |  5.6
Throwing       | 2 |  2.4
Short Blades   | 2 3 4 5 6 |  6.0
Armour         | 1 2 3 4 5 |  5.5
Stealth        | 4 5 6 7 8 |  8.7
Invocations    | 1 2 3 4 6 7 8 |  8.1
Evocations     | 1 3 4 |  4.1
Spellcasting   | 1 2 3 4 5 |  5.3
Fighting       | 3 4 5 6 |  6.6
Hexes          | 1 2 3 4 5 |  5.8
Poison Magic   | |  0.1

Action                   |  1- 3 |  4- 6 |  7- 9 | 10-12 || total
-------------------------+-------+-------+-------+-------++-------
Melee: Dagger            |    59 |    21 |       |    59 ||   139
       Punch             |     2 |     1 |     3 |    15 ||    21
       Short sword       |    13 |   196 |    56 |   744 ||  1009
       Rapier            |       |     6 |   310 |       ||   316
       Headbutt          |       |       |    71 |    28 ||    99
       Kick              |       |       |       |   136 ||   136
Throw: Dart              |     2 |    14 |    49 |    25 ||    90
       Javelin           |       |       |     3 |     1 ||     4
 Cast: Poisonous Vapours |       |       |       |    13 ||    13
       Sting             |       |       |       |     1 ||     1
Invok: Shadow Step       |       |       |       |     2 ||     2
Evoke: Wand              |       |       |     4 |    60 ||    64
  Use: Scroll            |       |    10 |     6 |     9 ||    25
       Potion            |       |     8 |    13 |     8 ||    29
 Stab: Sleeping          |     6 |     9 |    15 |     6 ||    36
       Distracted        |       |       |     1 |       ||     1
       Paralysed         |       |       |     3 |     3 ||     6
Armor: Leather armour    |    30 |    92 |   125 |    28 ||   275
       Robe              |     4 |       |       |   121 ||   125
       Skin              |       |       |    47 |     9 ||    56
       Steam dragon scal |       |       |       |     7 ||     7
Dodge: Dodged            |    40 |   120 |   214 |   376 ||   750
Block: Other             |     9 |    49 |    45 |    90 ||   193
